AoeStats
← naphtaligrauer16

Glade

510547412Analyzed
1v1 RM · 1d ago on Oct 1, 2026· 37m 29s· 2 players
Game mode
Random Map
Map size
Tiny (2 player)
Population
200
Speed
Normal
Resources
Standard
Victory
Conquest
Starting age
Dark Age
Ending age
Imperial Age
RankedLock teamsTeams togetherTeam positionsShared explorationLock speedFull tech treeHidden civsTurbo modeCheats
Victory
Defeat
🇩🇪 Celts · Germany
1488
+17
🇺🇸 Bengalis · United States
1504
-17
naphtaligrauer16
7:19 Loom
9:32 Feudal Age
10:26 Double-Bit Axe
10:26 Horse Collar
19:03 Castle Age
17:38 Gold Mining
17:44 Stone Mining
19:00 Town Watch
21:42 Scale Mail Armor
21:52 Forging
24:12 Light Cavalry
24:52 Husbandry
25:00 Scale Barding Armor
34:49 Bow Saw
38:08 Imperial Age
36:14 Wheelbarrow
37:41 Chain Barding Armor
Portugeezer3
8:31 Loom
10:17 Feudal Age
13:17 Fletching
18:18 Castle Age
16:55 Double-Bit Axe
17:40 Horse Collar
20:48 Bodkin Arrow
24:32 Gold Mining
25:42 Wheelbarrow
24:53 Town Watch
25:39 Devotion
26:15 Bow Saw
28:40 Padded Archer Armor
28:42 Husbandry
33:29 Imperial Age
31:50 Heavy Plow
33:09 Gold Shaft Mining
32:57 Bloodlines
34:35 Fervor
34:59 Block Printing
35:11 Conscription
34:48 Stone Mining
35:26 Sanctity
35:35 Pikeman
37:12 Bracer
Connection lost

Rejoining the realm…

Still unreachable

The connection could not be restored.

Session expired

The server has moved on; the page needs a fresh start.